 Dungeon Crawl Stone Soup version 0.13.0 (webtiles) character file.

4981 Lilouch the Carver (level 10, -1/63 (71) HPs)
             Began as a Mummy Fighter on Oct 12, 2013.
             Was an Elder of Nemelex Xobeh.
             Slain by an orc warrior
             ... wielding a -1,+0 orcish scimitar
              (7 damage)
             ... on Level 6 of the Dungeon.
             The game lasted 01:53:37 (12662 turns).

Lilouch the Carver (Mummy Fighter)                 Turns: 12662, Time: 01:53:38

HP  -1/63 (71)   AC 12     Str  7      XL: 10   Next: 20%
MP  21/21        EV  7     Int 22      God: Nemelex Xobeh [****..]
Gold 324         SH 18     Dex 11      Spells:  0 memorised,  9 levels left

Res.Fire  : x . .   See Invis. : +   j - +0 long sword
Res.Cold  : + + .   Warding    : .   e - +4 orc ring mail
Life Prot.: + + +   Conserve   : .   c - -1 shield
Res.Poison: +       Res.Corr.  : .   (no helmet)
Res.Elec. : .       Clarity    : .   (no cloak)
Sust.Abil.: . .     Spirit.Shd : .   p - +0 pair of gauntlets
Res.Mut.  : .       Stasis     : .   Q - -1 pair of boots
Res.Rott. : +       Flight     : .   (no amulet)
Saprovore : . . .                    L - ring of see invisible
                                     E - ring of protection from cold

@: sage [Translocations, Axes, Shields, Axes, Armour, Long Blades, Hexes],
somewhat resistant to hostile enchantments, extremely unstealthy
A: no food or potions, fire vulnerability, restore body, cold resistance 1, life
protection 3, poison resistance, torment resistance, unbreathing
a: Draw One, Peek at Two, Triple Draw, Deal Four, Renounce Religion


You were on level 6 of the Dungeon.
You worshipped Nemelex Xobeh.
Nemelex Xobeh was greatly pleased with you.
You were not hungry.

You visited 1 branch of the dungeon, and saw 6 of its levels.

You collected 385 gold pieces.

Inventory:

Hand weapons
 a - a +0,+0 falchion
 j - a +0,+0 long sword (weapon)
 K - a +0,+0 sling
 U - a +2,+1 orcish dagger of venom
Missiles
 h - 12 poisoned needles
 l - 3 needles of confusion
 t - 6 poisoned javelins (quivered)
 D - 85 stones
Armour
 c - a -1 shield (worn)
 e - a +4 orcish ring mail (worn)
 p - a +0 pair of gauntlets (worn)
 Q - a -1 pair of boots (worn)
Magical devices
 g - a wand of digging (12)
Scrolls
 f - 3 scrolls of teleportation {unknown}
 i - 2 scrolls of immolation {unknown}
 k - 2 scrolls of recharging {unknown}
 o - 6 scrolls of identify
 q - a scroll of enchant weapon I {unknown}
 s - 3 scrolls of curse jewellery {unknown}
 u - a scroll of random uselessness {unknown}
 v - 2 scrolls of amnesia {unknown}
 x - 2 scrolls of magic mapping
 M - 3 scrolls of remove curse
 V - 2 scrolls of fog {unknown}
 X - a scroll of noise
Jewellery
 b - an uncursed ring of teleportation
 E - a ring of protection from cold (left hand)
 L - a ring of see invisible (right hand)
Miscellaneous
 d - a legendary deck of summonings {drawn: 1}
 m - an ornate deck of destruction {drawn: 1}
 n - a legendary deck of escape {drawn: 1}


   Skills:
 - Level 3.0 Fighting
 * Level 10.1 Long Blades
   Level 0.4 Axes
 + Level 8.3 Armour
 + Level 7.4 Shields
   Level 0.1 Translocations
 - Level 9.5 Evocations


You had 9 spell levels left.
You didn't know any spells.

Dungeon Overview and Level Annotations

Branches:
Dungeon (6/27)             Temple (0/1) D:6
    Orc: D:6-11

Altars:
Kikubaaqudgha
Nemelex Xobeh
Sif Muna
Trog
Xom


Innate Abilities, Weirdness & Mutations

You do not eat or drink.
Your flesh is vulnerable to fire.
Your flesh is cold resistant.
You are immune to negative energy.
Your system is resistant to poisons.
You are immune to unholy pain and torment.
You can survive without breathing.


Message History

Your shield and ring mail prevent you from hitting the orc warrior.
The orc warrior is severely wounded.
The orc warrior hits you with an orcish scimitar!
* * * LOW HITPOINT WARNING * * *
The rat bites you.
* * * LOW HITPOINT WARNING * * *
You slash the orc warrior!
The orc warrior is almost dead.
You block the orc warrior's attack. The rat bites you.
* * * LOW HITPOINT WARNING * * *
You hit the orc warrior but do no damage.
The orc warrior is almost dead.
You block the orc warrior's attack. You block the rat's attack.
You barely miss the orc warrior.
The orc warrior is almost dead.
The orc warrior hits you with an orcish scimitar!
* * * LOW HITPOINT WARNING * * *
The orc warrior hits you with an orcish scimitar!
You die...
Your body disappears without a glow.

.................................
.................................
.................................
.................................
...........................#.#...
.................................
...........................#.#...
..##...##.......or##..#####.....#
.##.....##......@.......##......#
##.....###.#.......#...........##
#.....##...............##....#.#
##......#..............##.#.....
# ####....#........#.#......#....
## ###.........<..>.#.##.#.....
.# ###...............########....
.###..>..............## ### ####.
#.....................###.#######


You could see an orc warrior and a rat.

Vanquished Creatures
  An ogre (D:6)
  3 orc warriors
  A crimson imp (D:5)
  A jelly (D:4)
  A big fish (D:3)
  A goliath beetle (D:6)
  A hound (D:4)
  6 orc priests
  3 orc wizards
  8 worker ants
  A hound skeleton (D:6)
  9 adders
  4 giant mites
  5 worms
  2 adder skeletons
  A giant eyeball (D:4)
  3 giant geckos
  An ooze (D:1)
  17 orcs
  15 bats
  A bat skeleton (D:4)
  4 giant cockroaches
  16 goblins
  12 hobgoblins
  6 jackals
  16 kobolds
  5 quokkas
  A ball python (D:1)
  7 giant newts
  2 goblin skeletons
  A goblin zombie (D:5)
  11 rats
  A rat skeleton (D:5)
167 creatures vanquished.

Vanquished Creatures (collateral kills)
  A giant cockroach (D:3)
1 creature vanquished.

Grand Total: 168 creatures vanquished

Notes
Turn   | Place    | Note
--------------------------------------------------------------
     0 | D:1      | Lilouch, the Mummy Fighter, began the quest for the Orb.
     0 | D:1      | Reached XP level 1. HP: 18/18 MP: 0/0
   231 | D:1      | Reached XP level 2. HP: 21/24 MP: 1/1
   684 | D:1      | Reached XP level 3. HP: 28/30 MP: 2/2
  1252 | D:2      | Reached XP level 4. HP: 21/36 MP: 3/3
  2177 | D:3      | Reached XP level 5. HP: 41/41 MP: 4/4
  2509 | D:3      | Found an ancient bone altar of Kikubaaqudgha.
  3025 | D:3      | Reached XP level 6. HP: 36/48 MP: 5/5
  3314 | D:3      | Reached skill level 4 in Long Blades
  4413 | D:4      | Found a sparkling altar of Nemelex Xobeh.
  4425 | D:4      | Became a worshipper of Nemelex Xobeh
  4449 | D:4      | Received a gift from Nemelex Xobeh
  4598 | D:4      | Paralysed by a giant eyeball for 2 turns
  4876 | D:4      | Acquired Nemelex Xobeh's first power
  4946 | D:4      | Found a deep blue altar of Sif Muna.
  5326 | D:5      | Entered Level 5 of the Dungeon
  5339 | D:4      | Reached XP level 7. HP: 43/53 MP: 6/6
  6344 | D:6      | Reached skill level 5 in Long Blades
  6559 | D:6      | HP: 2/53 [orc warrior/orcish halberd (9)]
  7285 | D:6      | Found a shimmering altar of Xom.
  7738 | D:5      | Reached skill level 8 in Long Blades
  7738 | D:5      | Reached XP level 8. HP: 60/60 MP: 4/12
  7831 | D:5      | Received a gift from Nemelex Xobeh
  7840 | D:5      | Reached XP level 9. HP: 64/64 MP: 5/18
  7845 | D:5      | Acquired Nemelex Xobeh's second power
  7887 | D:5      | Shuffle card: Str 7[7], Int 22[22], Dex 11[11]
  8037 | D:6      | HP: 2/64 [goliath beetle (11)]
  8810 | D:6      | Found a bloodstained altar of Trog.
  8886 | D:6      | Found a staircase to the Ecumenical Temple.
  9183 | D:6      | Received a gift from Nemelex Xobeh
  9647 | D:3      | Acquired Nemelex Xobeh's third power
  9706 | D:3      | Received a gift from Nemelex Xobeh
  9711 | D:3      | Reached skill level 10 in Long Blades
  9711 | D:3      | Reached XP level 10. HP: 70/70 MP: 18/21
  9721 | D:4      | Received a gift from Nemelex Xobeh
 10414 | D:2      | Received a gift from Nemelex Xobeh
 10755 | D:1      | Acquired Nemelex Xobeh's fourth power
 10755 | D:1      | Received a gift from Nemelex Xobeh
 12662 | D:6      | Slain by an orc warrior

Action                   |  1- 3 |  4- 6 |  7- 9 | 10-12 || total
-------------------------+-------+-------+-------+-------++-------
Melee: Falchion          |   188 |   449 |   203 |       ||   840
       Long sword        |       |       |   126 |   121 ||   247
Throw: Dart              |       |       |     4 |       ||     4
Invok: Draw One          |       |       |    11 |       ||    11
Evoke: Deck              |       |       |    10 |    23 ||    33
       Wand              |       |       |     1 |       ||     1
  Use: Scroll            |       |       |     6 |       ||     6
